 Dungeon Crawl Stone Soup version 0.26-a0-597-gb535b0901c (webtiles) character file.

Game seed: 380358217309842281

(classic levelgen) 16354 EnegeticOcto the Cleaver (level 12, 0/116 HPs)
             Began as a Deep Dwarf Fighter on Sept 2, 2020.
             Was a High Priest of Makhleb.
             Slain by an 11-headed hydra (8 damage)
             ... on level 12 of the Dungeon.
             The game lasted 00:07:18 (7579 turns).

EnegeticOcto the Cleaver (Deep Dwarf Fighter)       Turns: 7579, Time: 00:07:19

Health: 0/116      AC: 20    Str: 26    XL:     12   Next: 9%
Magic:  3/3        EV:  7    Int:  8    God:    Makhleb [*****.]
Gold:   539        SH: 12    Dex: 16    Spells: 11/11 levels left

rFire    . . .     SeeInvis +   l - +2 hand axe (vorpal)
rCold    . . .     Faith    .   c - +0 kite shield
rNeg     + . .     Spirit   .   a - +1 chain mail of Quantum Leap {Dex+4 Stlth+}
rPois    .         Reflect  .   y - +2 helmet {SInv}
rElec    .         Harm     .   k - +0 cloak
rCorr    .                      q - +2 pair of gloves {archery}
MR       +....                  (no boots)
Stlth    ..........             (no amulet)
HPRegen  0.00/turn              j - ring of positive energy
MPRegen  0.08/turn              (no ring)

@: non-regenerating
A: damage resistance, heal wounds, sense surroundings 2, no regeneration
a: Heal Wounds, Minor Destruction, Lesser Servant of Makhleb, Major Destruction,
Greater Servant of Makhleb, Renounce Religion


You were on level 12 of the Dungeon.
You worshipped Makhleb.
Makhleb was extremely pleased with you.
You visited 2 branches of the dungeon, and saw 13 of its levels.
You also visited: Bailey.

You collected 1097 gold pieces.
You spent 558 gold pieces at shops.

Inventory:

Hand Weapons
 b - the +8 morningstar of Death's Door {protect, +Blink rC+}
   (You found it on level 9 of the Dungeon)

   It grants its wielder temporary protection when it strikes (+7 to AC).
   It protects you from cold.
   It lets you blink.
 l - a +2 vorpal hand axe (weapon)
 s - a cursed +3 war axe
Armour
 a - the +1 chain mail of Quantum Leap (worn) {Dex+4 Stlth+}
   (You took it off a wight on level 7 of the Dungeon)

   It affects your dexterity (+4).
   It makes you more stealthy.
 c - a +0 kite shield (worn)
 k - a +0 cloak (worn)
 q - a +2 pair of gloves of archery (worn)
 w - a scarf of invisibility
 y - a +2 helmet of see invisible (worn)
Jewellery
 j - a ring of positive energy (left hand)
Wands
 p - a wand of paralysis (19)
Scrolls
 e - 6 scrolls of remove curse {@r2}
 r - a scroll of fear
Potions
 d - a potion of might {@q3}
 f - 5 potions of mutation
 g - 2 potions of haste {@q4}
 h - 7 potions of curing {@q1}
 i - 2 potions of lignification {unknown}
 m - 6 potions of heal wounds {unknown}
 n - a potion of degeneration {unknown}
 o - a potion of flight {unknown}
 t - a potion of invisibility
 u - a potion of resistance {@q6}
 z - a potion of brilliance {unknown}
 A - a potion of magic
 B - a potion of berserk rage
Miscellaneous
 x - a condenser vane (inert)


   Skills:
 * Level 9.9 Fighting
 * Level 11.8 Axes
 + Level 9.1 Armour
 + Level 9.1 Shields
 + Level 9.0 Invocations
 + Level 3.7 Evocations


You had 11 spell levels left.
You didn't know any spells.
Your spell library was empty.

Dungeon Overview and Level Annotations

Branches:
Dungeon (12/15)            Temple (1/1) D:4            Lair (0/6) D:10
    Orc (0/2) D:12         Bailey (visited)

Altars:
Cheibriados
Dithmenos
Elyvilon
Fedhas
Hepliaklqana
Kikubaaqudgha
Makhleb
Ru
Sif Muna
Vehumet
Wu Jian
Xom
Yredelemnul
Zin
The Shining One

Shops:
D:10 [

Annotations:
D:7 2 runed translucent doors, Lanoc's ghost, novice GnBe
D:10 3 exclusions


Innate Abilities, Weirdness & Mutations

You are resistant to damage.
You can heal yourself by infusing magical energy.
You passively map the area around you.
You do not regenerate.


Message History

The nine-headed hydra bites you.
You block the nine-headed hydra's attack.
The nine-headed hydra bites you but does no damage.
You block the nine-headed hydra's attack.
The nine-headed hydra closely misses you.
The nine-headed hydra barely misses you.
The nine-headed hydra bites you. The nine-headed hydra bites you!
You slice one of the nine-headed hydra's heads off!
The eight-headed hydra grows two more!
You hit the ten-headed hydra.
The ten-headed hydra is moderately wounded.
You hit the shadow. You block the shadow's attack.
The ten-headed hydra barely misses you. x2
The ten-headed hydra completely misses you.
The ten-headed hydra bites you but does no damage. x2
You block the ten-headed hydra's attack.
The ten-headed hydra closely misses you.
You block the ten-headed hydra's attack.
The ten-headed hydra bites you but does no damage. x2
You chop one of the ten-headed hydra's heads off!
The nine-headed hydra grows two more!
You slash the 11-headed hydra!
The 11-headed hydra is moderately wounded.
You hit the shadow. The shadow barely misses you.
There are monsters nearby!
There are monsters nearby!
There are monsters nearby!
You block the 11-headed hydra's attack. The 11-headed hydra bites you.
You block the 11-headed hydra's attack.
The 11-headed hydra bites you but does no damage.
The 11-headed hydra bites you! The 11-headed hydra bites you.
The 11-headed hydra closely misses you. The 11-headed hydra bites you.
You block the 11-headed hydra's attack.
The 11-headed hydra bites you but does no damage. x2
The shadow hits you. The 11-headed hydra bites you!
You block the 11-headed hydra's attack.
The 11-headed hydra bites you but does no damage.
The 11-headed hydra bites you.
The 11-headed hydra bites you but does no damage.
You block the 11-headed hydra's attack.
The 11-headed hydra bites you but does no damage. x4
The 11-headed hydra bites you. The shadow barely misses you.
The 11-headed hydra barely misses you.
The 11-headed hydra bites you but does no damage.
You block the 11-headed hydra's attack. x2
The 11-headed hydra bites you but does no damage. x4
The 11-headed hydra barely misses you.
The 11-headed hydra bites you but does no damage.
The 11-headed hydra barely misses you.
The shadow slips into darkness.
The shadow flickers and vanishes for a moment.
The 11-headed hydra bites you but does no damage.
The 11-headed hydra barely misses you.
The 11-headed hydra bites you but does no damage.
You block the 11-headed hydra's attack. The 11-headed hydra barely misses you.
You block the 11-headed hydra's attack.
The 11-headed hydra bites you but does no damage. x2
The 11-headed hydra bites you. The 11-headed hydra bites you!
The 11-headed hydra bites you but does no damage.
You block the shadow's attack. The 11-headed hydra bites you!
The 11-headed hydra bites you. You block the 11-headed hydra's attack.
The 11-headed hydra bites you but does no damage. x3
You block the 11-headed hydra's attack.
The 11-headed hydra bites you but does no damage. x2
The 11-headed hydra bites you.
The 11-headed hydra bites you but does no damage.
You block the shadow's attack.
The 11-headed hydra bites you but does no damage. x2
The 11-headed hydra barely misses you.
You block the 11-headed hydra's attack. x2
The 11-headed hydra barely misses you. The 11-headed hydra bites you!
The 11-headed hydra bites you.
The 11-headed hydra bites you but does no damage.
The 11-headed hydra bites you. You block the 11-headed hydra's attack.
You block the shadow's attack.
The 11-headed hydra bites you but does no damage. x3
You block the 11-headed hydra's attack. x2
The 11-headed hydra bites you but does no damage. x3
The 11-headed hydra bites you. You block the 11-headed hydra's attack.
The 11-headed hydra bites you but does no damage.
The shadow hits you.
The 11-headed hydra bites you but does no damage.
You block the 11-headed hydra's attack.
The 11-headed hydra bites you but does no damage.
The 11-headed hydra completely misses you.
You block the 11-headed hydra's attack. The 11-headed hydra bites you!
* * * LOW HITPOINT WARNING * * *
You block the 11-headed hydra's attack. The 11-headed hydra barely misses you.
The 11-headed hydra bites you. The 11-headed hydra bites you!
* * * LOW HITPOINT WARNING * * *
The 11-headed hydra completely misses you.
The shadow slips into darkness.
The shadow flickers and vanishes for a moment.
The 11-headed hydra bites you!
* * * LOW HITPOINT WARNING * * *
The 11-headed hydra bites you but does no damage.
The 11-headed hydra bites you.
* * * LOW HITPOINT WARNING * * *
The 11-headed hydra bites you!
* * * LOW HITPOINT WARNING * * *
The 11-headed hydra bites you!
You die...

,,,,,,,,,,,,,,,,.........########
**+****,,,##+#####.....).#
,,,,,,*,,,#......#.....))#
,,,,,,***##..[...#..†....#
,,,,,,,,,........#.......#
**,,,,,,,........#..(....########
*,,,,,,,........##''#...........
*,,,,,,,......W(.(..#.<.#####...
*,,****++*##..D@(...#...#...#...
**,,*,,,,,,,#...).####...#...#...
,,,,*,,,,,,,#..(..#.....)#)..#..#
,,,,*,,,,,,,#.....#......)...#..#
,,,,*,,,,,,,#.....#.....)#...#.,#
,,,,********#.....#......#...#,,#
,,,,,,,,,,,,......##.....#...#,,#
,,,,,,,,,,,........#.....#...#,,#
************,,,,,,,#.....###+#,,#


You could see a 11-headed hydra and a shadow (invisible).

Vanquished Creatures
  Gastronok (D:10)
  A hydra (D:11)
  A two-headed ogre (D:11)
  2 unseen horrors
  An orc knight (Bailey)
  An ugly thing (D:11)
  A guardian serpent (D:11)
  4 trolls
  2 hippogriffs (D:9)
  A wyvern (D:11)
  A wraith (D:10)
  9 yaks
  Grum (D:8)
  A water moccasin (D:9)
  Duvessa (D:4)
  4 black bears
  3 ice beasts
  6 orc warriors
  5 sky beasts
  2 phantoms
  12 centaurs
  10 ogres
  3 wolves (D:8)
  A crocodile (D:10)
  A big kobold (D:10)
  Blork the orc (D:6)
  5 bullfrogs
  Dowan (D:4)
  4 scorpions
  18 wights
  5 killer bees (D:11)
  A centaur zombie (D:6)
  3 bullfrog zombies
  4 hounds
  A gnoll shaman (D:5)
  A jelly (D:9)
  3 orc priests
  6 centaur skeletons
  10 orc wizards
  Crazy Yiuf (D:3)
  6 iguanas
  10 worker ants
  A hound skeleton (D:10)
  Robin (D:3)
  16 gnolls
  9 adders
  3 shadow imps
  3 white imps
  3 ufetubi
  An adder zombie (D:9)
  A worm (D:5)
  6 leopard geckos
  33 orcs
  3 bats
  5 giant cockroaches
  10 goblins
  14 hobgoblins
  2 jackals (D:4)
  9 quokkas
  3 frilled lizards
  A jackal skeleton (D:7)
  18 kobolds
  2 leopard gecko zombies (D:5)
  A quokka zombie (D:5)
300 creatures vanquished.

Vanquished Creatures (collateral kills)
  Snorg (D:11)
  A goblin (D:11)
2 creatures vanquished.

Vanquished Creatures (others)
  An orc wizard (D:10)
  10 fungi (D:10)
  12 plants (D:10)
23 creatures vanquished.

Grand Total: 325 creatures vanquished

Notes
Turn   | Place    | Note
-------+----------+-------------------------------------------
     0 | D:1      | EnegeticOcto the Deep Dwarf Fighter began the quest for the
                  | Orb.
     0 | D:1      | Reached XP level 1. HP: 20/20 MP: 1/1
   149 | D:1      | Reached XP level 2. HP: 27/27 MP: 2/2
   338 | D:3      | Reached skill level 3 in Axes
   338 | D:3      | Reached XP level 3. HP: 24/33 MP: 3/3
   471 | D:3      | Noticed Robin
   495 | D:3      | Killed Robin
   528 | D:3      | Reached XP level 4. HP: 34/42 MP: 4/4
   548 | D:3      | Found a runed translucent door.
   549 | D:3      | Noticed Crazy Yiuf
   574 | D:3      | Killed Crazy Yiuf
   705 | D:4      | Noticed an orc warrior
   717 | D:4      | Reached skill level 4 in Axes
   719 | D:4      | Killed an orc warrior
   719 | D:4      | Reached XP level 5. HP: 31/49 MP: 4/4
   777 | D:4      | Noticed Duvessa
   777 | D:4      | Noticed Dowan
   786 | D:4      | Reached XP level 6. HP: 49/56 MP: 5/5
   790 | D:4      | Killed Dowan
   803 | D:4      | Killed Duvessa
   803 | D:4      | Reached skill level 5 in Axes
  1228 | D:4      | Reached XP level 7. HP: 50/64 MP: 6/6
  1523 | D:4      | Found a staircase to the Ecumenical Temple.
  1534 | Temple   | Entered the Ecumenical Temple
  1553 | Temple   | Became a worshipper of Makhleb the Destroyer
  1610 | D:5      | Entered Level 5 of the Dungeon
  1627 | D:5      | Reached skill level 5 in Armour
  1627 | D:5      | Reached skill level 5 in Shields
  1666 | D:5      | Reached skill level 1 in Invocations
  1716 | D:5      | Reached skill level 6 in Axes
  2104 | D:5      | Reached XP level 8. HP: 64/73 MP: 7/7
  2110 | D:5      | Reached skill level 5 in Fighting
  2289 | D:5      | Reached * piety under Makhleb
  2325 | D:5      | Found a radiant altar of Vehumet.
  2548 | D:6      | Reached skill level 7 in Axes
  2839 | D:6      | Gained mutation: You passively map the area around you.
                  | [Deep Dwarf growth]
  2839 | D:6      | Reached XP level 9. HP: 65/82 MP: 10/10
  2909 | D:6      | Reached ** piety under Makhleb
  2963 | D:6      | Noticed Blork the orc
  2979 | D:6      | Killed Blork the orc
  3093 | D:7      | Reached skill level 8 in Axes
  3304 | D:7      | Reached skill level 5 in Invocations
  3353 | D:7      | Found a large runed translucent door.
  3353 | D:7      | Found a large runed translucent door.
  3356 | D:7      | Noticed Lanoc's ghost (novice GnBe)
  3411 | D:7      | Identified the cursed +1 chain mail of Quantum Leap {Dex+4
                  | Stlth+}
  4202 | D:8      | Noticed Grum
  4221 | D:8      | Reached skill level 9 in Axes
  4227 | D:8      | Killed Grum
  4270 | D:8      | Reached *** piety under Makhleb
  4402 | D:9      | Reached XP level 10. HP: 73/94 MP: 10/10
  4409 | D:9      | Got a crystal morningstar
  4410 | D:9      | Identified the +8 morningstar of Death's Door {protect,
                  | +Blink rC+} (You found it on level 9 of the Dungeon)
  5050 | D:10     | Entered Level 10 of the Dungeon
  5086 | D:10     | Found Pemalaro's Armour Emporium.
  5097 | D:10     | Bought a +2 pair of gloves of archery for 279 gold pieces
  5190 | D:10     | Reached skill level 10 in Axes
  5218 | D:10     | Found a shadowy altar of Dithmenos.
  5374 | D:10     | Found a staircase to the Lair.
  5390 | D:10     | Reached **** piety under Makhleb
  5570 | D:10     | Noticed Gastronok
  5607 | D:10     | Reached XP level 11. HP: 80/104 MP: 5/5
  5647 | D:10     | Killed Gastronok
  5745 | D:10     | Killed an unseen horror
  6044 | D:11     | Noticed a brown ugly thing
  6061 | D:11     | Killed a brown ugly thing
  6061 | D:11     | Reached skill level 11 in Axes
  6102 | D:11     | Reached skill level 1 in Evocations
  6138 | D:11     | Noticed Snorg
  6148 | D:11     | Killed Snorg
  6168 | D:11     | Found a flagged portal.
  6174 | Bailey   | Entered a bailey
  6261 | Bailey   | Noticed an orc knight
  6291 | Bailey   | Reached ***** piety under Makhleb
  6335 | Bailey   | Killed an orc knight
  6430 | D:11     | Identified a scroll of acquirement
  6430 | D:11     | Acquired 450 gold pieces
  6487 | D:11     | Killed an unseen horror
  6609 | D:10     | Bought a +2 helmet of see invisible for 279 gold pieces
  6696 | D:11     | Noticed a two-headed ogre
  6712 | D:11     | Killed a two-headed ogre
  6884 | D:11     | Noticed an eight-headed hydra
  6907 | D:11     | Killed a 16-headed hydra
  7183 | D:11     | Reached XP level 12. HP: 98/116 MP: 3/3
  7554 | D:12     | Noticed a four-headed hydra
  7579 | D:12     | Slain by an 11-headed hydra

Illustrated notes

Levels and vault maps discovered:
D:1:      tarquinn_simple_flora_water_c, layout_basic, minmay_pentomino_q2
D:2:      layout_basic
D:3:      layout_basic, uniq_crazy_yiuf_cottage, uniq_robin
D:4:      layout_loops_corners, temple_hall, guppyfry_early_orc_mine,
          uniq_duvessa
D:5:      layout_loops_corners, overflow_temple_1_default,
          kennysheep_generic_room_14
D:6:      layout_basic, uniq_blork_the_orc
D:7:      layout_loops_ring, ebering_ghost_disaster_area, chequers_jeans
D:8:      layout_rooms, chequers_serial_rivers_large_b, uniq_grum
D:9:      layout_roguey
D:10:     layout_basic, grunt_lair_entry_orc_guard_hut, basic_altar,
          serial_shops, nicolae_shop_trees, uniq_gastronok
D:11:     layout_basic, enter_bailey_3, nrook_guardian_serpent_ordinary,
          uniq_snorg
D:12:     layout_irregular_city, orc_0_dummy
Temple:   grunt_wide_crystal_templ

Skill      XL: |  1  2  3  4  5  6  7  8  9 10 11 12 |
---------------+-------------------------------------+-----
Axes           | 3 4 5 6 7 9 10 11 | 11.8
Fighting       | 3 4 6 7 8 9 |  9.9
Armour         | 4 5 6 7 8 9 |  9.1
Shields        | 4 5 6 7 8 9 |  9.1
Invocations    | 2 4 5 7 8 9 |  9.0
Evocations     | 3 |  3.7

Action                   |  1- 3 |  4- 6 |  7- 9 | 10-12 || total
-------------------------+-------+-------+-------+-------++-------
Melee: War axe           |    88 |    32 |       |       ||   120
       Hand axe          |       |    63 |   483 |   768 ||  1314
       Morningstar       |       |       |       |     3 ||     3
Invok: Lesser Servant of |       |       |       |     1 ||     1
 Abil: Heal Wounds       |     1 |     7 |     8 |    39 ||    55
Evoke: Condenser vane    |       |       |       |     2 ||     2
  Use: Scroll            |       |       |     9 |     9 ||    18
 Stab: Distracted        |       |       |       |     2 ||     2
Armor: Scale mail        |    44 |    20 |       |       ||    64
       Chain mail        |       |    43 |   226 |   524 ||   793
Dodge: Dodged            |    30 |    22 |    95 |   250 ||   397
Block: Kite shield       |    62 |    44 |   254 |   536 ||   896

Table legend: (Time is in decaauts)
 A = Elapsed time spent in this place.
 B = Non-inter-level travel time spent in this place.
 C = Inter-level travel time spent in this place.
 D = Time resting spent in this place.
 E = Time spent auto-exploring this place.
 F = Levels seen in this place.
 G = Mean time per level.
                   A        B        C        D        E       F      G
               +--------+--------+--------+--------+--------+-----+--------+
         Total |   7569 |   7094 |    475 |      0 |   4707 |  14 |  540.6 |
       Dungeon |   7299 |   6832 |    467 |      0 |   4568 |  12 |  608.2 |
        Temple |     28 |     20 |      8 |      0 |     16 |   1 |   28.0 |
        Bailey |    241 |    241 |      0 |      0 |    123 |   1 |  241.0 |
               +--------+--------+--------+--------+--------+-----+--------+

Top non-repeatable levels by time:
    D:11: 1217 daAuts
     D:7: 902 daAuts
     D:4: 896 daAuts
     D:5: 873 daAuts
    D:10: 854 daAuts
     D:9: 639 daAuts
     D:6: 610 daAuts
     D:8: 426 daAuts
     D:3: 400 daAuts
  Bailey: 241 daAuts
     D:1: 169 daAuts
     D:2: 167 daAuts
    D:12: 141 daAuts
  Temple: 28 daAuts
